 Dungeon Crawl Stone Soup version 0.27-a0-12-g5dcdf96 (webtiles) character file.

Game seed: 11408807660069336644

33852 Illumine the Grappler (level 13, -4/115 HPs)
             Began as a Minotaur Monk on Jan 1, 2021.
             Was the Champion of Ru.
             Slain by a catoblepas (14 damage)
             ... while petrified by a catoblepas
             ... on level 5 of the Lair of Beasts.
             The game lasted 00:34:38 (19328 turns).

Illumine the Grappler (Minotaur Monk)              Turns: 19328, Time: 00:34:38

Health: -4/115     AC:  7    Str: 19    XL:     13   Next: 39%
Magic:  12/12      EV:  2    Int:  7    God:    Ru [******]
Gold:   1014       SH:  0    Dex: 21    Spells: 12/12 levels left

rFire    + . .     SeeInvis .     - Unarmed
rCold    + . .     Faith    .   (no shield)
rNeg     + + +     Spirit   .   j - +0 troll leather armour
rPois    ∞         Reflect  .   (helmet restricted)
rElec    .         Harm     .   m - scarf {rC+ rF+}
rCorr    .         Rampage  .   (no gloves)
Will     .....                  t - +0 pair of boots
Stlth    ..........             (no amulet)
HPRegen  0.69/turn              p - ring of poison resistance
MPRegen  0.13/turn              U - +6 ring of dexterity

@: petrified
A: retaliatory headbutt, horns 2, no stealth, inability to use devices, no earth
magic, no summoning magic, no transmutations magic, weak-willed 1, unskilled 1
a: Renounce Religion, Draw Out Power, Power Leap, Apocalypse


You were on level 5 of the Lair of Beasts.
You worshipped Ru.
Ru was exalted by your worship.
You visited 3 branches of the dungeon, and saw 17 of its levels.
You also visited: Sewer.

You collected 1014 gold pieces.

Inventory:

Hand Weapons
 a - a +0 hunting sling
Missiles
 c - 358 stones
 n - 73 sling bullets
 o - 32 poisoned darts (quivered)
Armour
 j - a +0 troll leather armour (worn)
 m - a scarf of resistance (worn)
 t - a +0 pair of boots (worn)
Jewellery
 e - an uncursed ring of teleportation
 l - an uncursed amulet of magic regeneration
 p - a ring of poison resistance (left hand)
 u - an uncursed ring of protection from cold
 v - an uncursed ring of willpower
 C - an uncursed ring of resist corrosion
 I - the amulet "Cyut" {Inacc *Contam rElec rPois}
   (You found it on level 5 of the Dungeon)

   [amulet of inaccuracy]

   It reduces the accuracy of all your attacks.
   It insulates you from electricity.
   It protects you from poison.
   It causes magical contamination when unequipped.
 S - a +4 ring of evasion
 U - a +6 ring of dexterity (right hand)
Scrolls
 b - a scroll of silence {unknown}
 d - 6 scrolls of remove curse
 h - 2 scrolls of fear
 r - 6 scrolls of teleportation
 y - 2 scrolls of noise {unknown}
 B - 2 scrolls of magic mapping {unknown}
 E - 3 scrolls of blinking
 G - 2 scrolls of enchant armour
 H - 2 scrolls of amnesia
 K - a scroll of acquirement {unknown}
 M - a scroll of immolation {unknown}
 N - a scroll of random uselessness {unknown}
 O - 2 scrolls of enchant weapon {unknown}
 P - a scroll of summoning {unknown}
 T - a scroll of brand weapon {unknown}
Potions
 f - 3 potions of resistance
 g - 3 potions of ambrosia {unknown}
 i - 6 potions of haste
 q - 4 potions of flight
 s - 3 potions of magic
 w - a potion of might {unknown}
 x - 4 potions of attraction
 A - 3 potions of brilliance
 J - a potion of lignification {unknown}
 L - a potion of berserk rage {unknown}
 Q - a potion of degeneration {unknown}
 R - 2 potions of heal wounds {unknown}


   Skills:
 + Level 10.9 Fighting
 + Level 7.8 Slings
 + Level 10.1 Armour
 + Level 10.0 Dodging
 * Level 13.3 Unarmed Combat


You had 12 spell levels left.
You didn't know any spells.
Your spell library contained the following spells:

 Spells                   Type           Power        Failure   Level
 Animate Skeleton         Necr           0%           47%         1
 Magic Dart               Conj           0%           47%         1
 Pain                     Necr           0%           47%         1
 Blink                    Tloc           N/A          63%         2
 Slow                     Hex            0%           63%         2
 Conjure Flame            Conj/Fire      0%           85%         3
 Mephitic Cloud           Conj/Pois/Air  0%           85%         3
 Vampiric Draining        Necr           0%           85%         3
 Animate Dead             Necr           0%           99%         4
 Agony                    Necr           0%           100%        5
 Call Imp                 Summ           Unusable     N/A         2

Dungeon Overview and Level Annotations

Branches:
Dungeon (11/15)            Temple (1/1) D:4            Lair (5/6) D:8
 Shoals (0/4) Lair:4        Snake (0/4) Lair:4        Sewer (visited)
  Slime: Lair:5-6       Orc: D:9-12

Altars:
Ashenzari
Cheibriados
Dithmenos
Elyvilon
Fedhas
Gozag
Hepliaklqana
Kikubaaqudgha
Makhleb
Nemelex Xobeh
Okawaru
Qazlal
Ru
Sif Muna
Trog
Uskayaw
Vehumet
Wu Jian
Xom
Yredelemnul
Zin
The Shining One
Beogh

Shops:
D:9 ?

Annotations:
D:3 1 runed translucent door, exclusion: moth of wrath, vykuza's ghost, amateur OgBe
Lair:1 exclusion: oklob plant
Lair:4 1 runed translucent door


Innate Abilities, Weirdness & Mutations

You reflexively headbutt those who attack you in melee.
You have a pair of horns on your head.
You cannot be stealthy.
You cannot study or use magical devices.
You cannot study or cast Earth magic.
You cannot study or cast Summoning magic.
You cannot study or cast Transmutations magic.
You are slightly weak-willed. (Will-)
You are somewhat unskilled. (-1 Apt)


Message History

You punch the catoblepas!
You headbutt the catoblepas, but do no damage.
The catoblepas is severely wounded.
You are engulfed in calcifying dust.
You are slowing down.
The catoblepas gores you!!
* * * LOW HITPOINT WARNING * * *
The catoblepas gores you.
* * * LOW HITPOINT WARNING * * *
Your limbs are stiffening.
Unknown command.
You punch the catoblepas!
You headbutt the catoblepas, but do no damage.
The catoblepas is severely wounded.
The catoblepas gores you!!
* * * LOW HITPOINT WARNING * * *
You focus your inner power and slow the catoblepas in retribution!
You have turned to stone.
The catoblepas gores you!!
You die...

....#......#.#...#...
............#.....#
.....P.....#†#....#
...P...#..##†...P# .
P#.....##.....##.P
....#.....##.........
........<....†........
...........§..........
..........@Y..........
......................
......................
......................
.....................
...................
.########.###### ..


You could see a catoblepas (slow).

Vanquished Creatures
  4 hydras
  A centaur warrior (D:9)
  2 two-headed ogres
  Erica (D:8)
  3 death yaks (Lair:1)
  A harpy (shapeshifter) (D:7)
  Pikel (D:7)
  An ugly thing (D:9)
  11 elephants
  6 black mambas
  13 cane toads
  9 komodo dragons
  A troll (D:10)
  Prince Ribbit (D:6)
  20 yaks
  A wraith (D:9)
  4 wyverns
  4 basilisks
  8 water moccasins
  4 orc warriors
  A phantom (D:4)
  4 ice beasts
  2 sky beasts
  2 black bears
  2 ogres
  2 necrophages
  19 wolves
  5 centaurs
  6 big kobolds
  16 bullfrogs
  A wyvern skeleton (D:11)
  7 scorpions
  A water moccasin skeleton (D:9)
  3 killer bees (D:8)
  10 wights (D:8)
  2 bullfrog zombies
  A quasit (D:9)
  A bullfrog skeleton (D:6)
  2 centaur skeletons
  2 hounds
  7 jellies
  3 orc wizards
  Crazy Yiuf (D:6)
  2 orc priests
  11 iguanas
  7 worker ants
  2 hound zombies
  2 hound skeletons
  A howler monkey zombie (D:5)
  7 gnolls (D:4)
  15 adders
  A howler monkey skeleton (D:6)
  6 river rats
  A shadow imp (D:8)
  3 white imps
  3 ufetubi
  6 oozes (Sewer)
  An adder zombie (D:8)
  2 adder skeletons
  12 worms
  4 leopard geckos
  31 orcs
  6 bats
  5 giant cockroaches
  4 hobgoblins
  8 jackals
  A quokka (D:7)
  7 ball pythons
  6 frilled lizards
  2 goblins (D:3)
  10 kobolds
  A leopard gecko skeleton (D:6)
  A quokka skeleton (D:8)
  13 rats
377 creatures vanquished.

Vanquished Creatures (others)
  A two-headed ogre (D:9)
  An elephant (Lair:5)
  A rime drake (Lair:3)
  A komodo dragon (Lair:3)
  A yak (Lair:1)
  A bullfrog (Lair:1)
  2 orcs (D:5)
  A quokka (D:5)
  26 fungi
  44 plants
  14 toadstools (Lair:4)
93 creatures vanquished.

Grand Total: 470 creatures vanquished

Notes
Turn   | Place    | Note
-------+----------+-------------------------------------------
     0 | D:1      | Illumine the Minotaur Monk began the quest for the Orb.
     0 | D:1      | Reached XP level 1. HP: 19/19 MP: 0/0
   223 | D:1      | You fall into a shaft and drop 1 floor!
   288 | D:2      | Reached XP level 2. HP: 22/27 MP: 1/1
   879 | D:2      | Reached skill level 4 in Unarmed Combat
  1076 | D:1      | Reached XP level 3. HP: 33/33 MP: 2/2
  2223 | D:3      | Found a shimmering blue altar of Sif Muna.
  2263 | D:3      | Reached XP level 4. HP: 40/40 MP: 3/3
  2264 | D:3      | Found a sparkling altar of Nemelex Xobeh.
  2606 | D:3      | Found an ornate altar of the Wu Jian Council.
  2863 | D:3      | Noticed a moth of wrath
  2866 | D:3      | Found a bloodstained altar of Trog.
  3149 | D:3      | Found a runed translucent door.
  3149 | D:3      | Noticed vykuza's ghost (amateur OgBe)
  3301 | D:4      | Reached skill level 1 in Slings
  3301 | D:4      | Reached skill level 1 in Armour
  3301 | D:4      | Reached skill level 5 in Unarmed Combat
  3301 | D:4      | Reached XP level 5. HP: 42/47 MP: 4/4
  3383 | D:4      | Found a hazy altar of Hepliaklqana.
  3431 | D:4      | Found a glowing drain.
  3469 | Sewer    | Entered a sewer
  3850 | Sewer    | Reached skill level 5 in Fighting
  3850 | Sewer    | Reached XP level 6. HP: 46/56 MP: 5/5
  4244 | Sewer    | Reached skill level 6 in Unarmed Combat
  4244 | Sewer    | Reached XP level 7. HP: 59/61 MP: 6/6
  4662 | D:4      | Reached skill level 5 in Dodging
  5088 | D:4      | Found a staircase to the Ecumenical Temple.
  5106 | Temple   | Entered the Ecumenical Temple
  5938 | D:5      | Entered Level 5 of the Dungeon
  5967 | D:5      | Reached skill level 7 in Unarmed Combat
  5975 | D:5      | Reached XP level 8. HP: 12/70 MP: 7/7
  5997 | D:5      | HP: 3/70 [poisoned by a worker ant]
  6003 | D:5      | HP: 2/70 [poisoned by a worker ant]
  6011 | D:5      | HP: 2/70 [poisoned by a worker ant]
  6389 | D:5      | Found a white marble altar of Elyvilon.
  6610 | D:5      | Got a transparent sapphire amulet
  6611 | D:5      | Identified the amulet "Cyut" {Inacc *Contam rElec rPois}
                  | (You found it on level 5 of the Dungeon)
  6724 | D:5      | Found a sacrificial altar of Ru.
  6733 | D:5      | Became a worshipper of Ru the Awakened
  6747 | D:5      | Gained mutation: You cannot be stealthy. [Ru sacrifice]
  6986 | D:6      | Found a runed translucent door.
  6987 | D:6      | Noticed Crazy Yiuf
  6997 | D:6      | Killed Crazy Yiuf
  7191 | D:6      | Reached skill level 1 in Evocations
  7212 | D:6      | Noticed Prince Ribbit
  7309 | D:6      | Found a broken altar of Ashenzari.
  7321 | D:6      | Reached skill level 8 in Unarmed Combat
  7528 | D:6      | Killed Prince Ribbit
  7943 | D:7      | Reached skill level 5 in Armour
  7944 | D:7      | Reached XP level 9. HP: 76/78 MP: 8/8
  8360 | D:7      | Noticed a harpy
  8369 | D:7      | Killed a harpy
  8370 | D:7      | Reached skill level 5 in Slings
  8905 | D:7      | Reached skill level 9 in Unarmed Combat
  9316 | D:7      | Found a radiant altar of Vehumet.
  9329 | D:7      | Noticed Pikel
  9349 | D:7      | Killed Pikel
  9912 | D:8      | Reached XP level 10. HP: 86/88 MP: 9/9
  9926 | D:8      | Gained mutation: You cannot study or cast Earth magic. [Ru
                  | sacrifice]
  9926 | D:8      | Gained mutation: You cannot study or cast Transmutations
                  | magic. [Ru sacrifice]
  9926 | D:8      | Gained mutation: You cannot study or cast Summoning magic.
                  | [Ru sacrifice]
  9926 | D:8      | Reached * piety under Ru
  9926 | D:8      | Reached ** piety under Ru
 10033 | D:8      | You fall into a shaft and drop 3 floors!
 10073 | D:11     | Noticed a boulder beetle
 10111 | D:11     | HP: 4/88 [something (5)]
 10610 | D:10     | Entered Level 10 of the Dungeon
 10664 | D:10     | Reached skill level 10 in Unarmed Combat
 11035 | D:9      | Noticed a two-headed ogre
 11048 | D:9      | Killed a two-headed ogre
 11052 | D:9      | Noticed a purple ugly thing
 11066 | D:9      | Killed a purple ugly thing
 11222 | D:9      | Noticed a centaur warrior
 11235 | D:9      | Killed a centaur warrior
 11489 | D:9      | Noticed a two-headed ogre
 11499 | D:9      | Killed a two-headed ogre
 11575 | D:9      | Reached XP level 11. HP: 80/95 MP: 10/10
 11615 | D:9      | Found Icyz's Magic Scroll Emporium.
 11615 | D:9      | Found a roughly hewn altar of Beogh.
 11815 | D:8      | Reached skill level 11 in Unarmed Combat
 11815 | D:8      | Found a shimmering altar of Xom.
 12062 | D:8      | Noticed a two-headed ogre
 12071 | D:8      | Killed a two-headed ogre
 12159 | D:8      | Gained mutation: You are somewhat unskilled. (-1 Apt) [Ru
                  | sacrifice]
 12159 | D:8      | Reduced skill Unarmed Combat to level 10
 12159 | D:8      | Reached *** piety under Ru
 12309 | D:8      | Found a staircase to the Lair.
 12727 | Lair:1   | Entered Level 1 of the Lair of Beasts
 12920 | Lair:1   | Noticed Erica
 12930 | Lair:1   | HP: 3/95 [something/bolt of poison (12)]
 12940 | D:8      | Killed Erica
 13276 | Lair:1   | Noticed a five-headed hydra
 13413 | Lair:1   | Reached skill level 11 in Unarmed Combat
 13413 | Lair:1   | Reached skill level 5 in Evocations
 13660 | Lair:1   | Killed a five-headed hydra
 13909 | Lair:1   | Noticed a four-headed hydra
 13924 | Lair:1   | Killed a four-headed hydra
 13925 | Lair:1   | Reached XP level 12. HP: 58/104 MP: 11/11
 14890 | Lair:2   | Noticed a five-headed hydra
 14901 | Lair:2   | Killed a five-headed hydra
 15018 | Lair:2   | Gained mutation: You are slightly weak-willed. (Will-) [Ru
                  | sacrifice]
 15018 | Lair:2   | Reached **** piety under Ru
 15018 | Lair:2   | Reached ***** piety under Ru
 15175 | Lair:2   | Noticed a death yak
 15179 | Lair:2   | HP: 4/106 [elephant (6)]
 15180 | Lair:2   | Noticed a death yak
 15364 | Lair:2   | Reached skill level 12 in Unarmed Combat
 15375 | Lair:2   | Noticed a death yak
 15702 | Lair:2   | Reached skill level 10 in Fighting
 16017 | Lair:1   | Killed a death yak
 16114 | Lair:1   | Killed a death yak
 16222 | Lair:1   | Killed a death yak
 17639 | Lair:3   | Noticed a seven-headed hydra
 17651 | Lair:3   | Reached XP level 13. HP: 96/114 MP: 12/12
 17843 | Lair:3   | Reached skill level 13 in Unarmed Combat
 18282 | Lair:4   | Gained mutation: You cannot study or use magical devices.
                  | [Ru sacrifice]
 18282 | Lair:4   | Reached ****** piety under Ru
 18785 | Lair:4   | Found a staircase to the Snake Pit.
 18881 | Lair:4   | Found a staircase to the Shoals.
 19047 | Lair:4   | Found a runed translucent door.
 19273 | Lair:5   | Reached skill level 10 in Armour
 19279 | Lair:5   | Reached skill level 10 in Dodging
 19328 | Lair:5   | Slain by a catoblepas

Illustrated notes

Levels and vault maps discovered:
D:1:      ncdulo_lavacross, layout_rooms
D:2:      layout_loops_corners
D:3:      minmay_spotlight, layout_basic, tgw_trog,
          nemelex_xobeh_ov_fountains_minmay, lemuel_crystal_altar,
          gammafunk_ghost_grave, amcnicky_altar_gilded
D:4:      minmay_angry_zag, layout_cave_pods, nzn_hepliaklqana_mist_gate,
          temple_pool_b, cheibrodos_sewer_entry_sluice
D:5:      layout_basic, nicolae_ru_path_of_blood, elyvilon_altar_4
D:6:      layout_loops_ring, ashenzari_altar_1, uniq_crazy_yiuf_cottage,
          uniq_prince_ribbit1
D:7:      kennysheep_windowed_halls, layout_loops_ring, general_overflow_altar,
          uniq_pikel
D:8:      layout_loops_corners, lemuel_round_altar,
          grunt_lair_entry_orc_guard_hut, grunt_ministairs_14
D:9:      layout_loops_ring, pdpol_wu_jian_five_deadly_venoms, orc_david_3,
          serial_shops, shop, shop, nicolae_shop_crystal, special_room
          [special_room_orc], serial_glass, glass_columns_a, glass_columns_c,
          glass_columns_a, glass_columns_a, glass_columns_a, glass_columns_b,
          feat_on_display, item_on_display_a, minmay_strange_pillars,
          minmay_shattered_shrine
D:10:     layout_rooms
D:11:     layout_loops_ring, uniq_fannar
Temple:   dshaligram_water_room_temple
Lair:1:   layout_loops_ring, pond, minmay_lair_oklob_chamber,
          grunt_megastairs_2, uniq_erica
Lair:2:   layout_hall_layers
Lair:3:   beast_lair_carwin_large_4, layout_regular_city, serial_bayou_shore_b
Lair:4:   gammafunk_lair_enchanted_lake, layout_small_grid,
          elwin_shoals_entry_rocks, dummy_snake_entry
Lair:5:   nzn_winding_woodlands_stair_cross [nzn_winding_woodlands_5x15_eye,
          nzn_winding_woodlands_center_triple_pond,
          nzn_winding_woodlands_5x15_pool,
          nzn_winding_woodlands_5x5_closed_star,
          nzn_winding_woodlands_hourglass, nzn_winding_woodlands_5x15_longhouse,
          nzn_winding_woodlands_center_diamonds,
          nzn_winding_woodlands_5x15_sawtooth], layout_regular_city,
          dpeg_slime_entry_enclosed_altar, chequers_serial_rivers_micro_c,
          serial_bayou_pond_b

Skill      XL: |  1  2  3  4  5  6  7  8  9 10 11 12 13 |
---------------+----------------------------------------+-----
Fighting       | 4 5 6 7 8 9 10 | 10.9
Unarmed Combat | 4 5 6 7 8 9 10 11 12 13 | 13.3
Dodging        | 4 5 6 7 8 8 9 10 | 10.0
Slings         | 1 2 3 4 5 6 7 |  7.8
Armour         | 1 2 3 5 6 7 8 9 10 | 10.1
Stealth        | 0 |  0.0
Evocations     | 1 3 4 5 0 |  0.0

Action                   |  1- 3 |  4- 6 |  7- 9 | 10-12 | 13-15 || total
-------------------------+-------+-------+-------+-------+-------++-------
Melee: Unarmed           |    79 |   103 |   258 |   744 |   156 ||  1340
       Headbutt          |    12 |    12 |    57 |   199 |    52 ||   332
       Punch             |       |     1 |    11 |    55 |    21 ||    88
 Fire: Hunting sling     |    24 |   129 |    63 |    12 |    15 ||   243
Throw: Stone             |       |       |     1 |       |       ||     1
       Dart              |       |       |     2 |     5 |       ||     7
Invok: Sacrifice Stealth |       |       |     1 |       |       ||     1
       Sacrifice Arcana  |       |       |       |     1 |       ||     1
       Draw Out Power    |       |       |       |     2 |       ||     2
       Sacrifice Skill   |       |       |       |     1 |       ||     1
       Power Leap        |       |       |       |     3 |     1 ||     4
       Sacrifice Essence |       |       |       |     1 |       ||     1
       Sacrifice Artific |       |       |       |       |     1 ||     1
Evoke: Wand              |       |       |     4 |     7 |       ||    11
  Use: Scroll            |       |       |    10 |    14 |       ||    24
       Potion            |       |       |       |     5 |       ||     5
 Stab: Sleeping          |     3 |       |     1 |       |       ||     4
       Invisible         |       |       |       |    11 |       ||    11
       Distracted        |       |       |       |     3 |     1 ||     4
       Petrified         |       |       |       |       |     5 ||     5
Armor: Robe              |    20 |     8 |       |       |       ||    28
       Steam dragon scal |       |    20 |    50 |    23 |       ||    93
       Troll leather arm |       |       |       |    88 |    16 ||   104
Dodge: Dodged            |    56 |    60 |   167 |   533 |   131 ||   947

Table legend: (Time is in decaauts)
 A = Elapsed time spent in this place.
 B = Non-inter-level travel time spent in this place.
 C = Inter-level travel time spent in this place.
 D = Time resting spent in this place.
 E = Time spent auto-exploring this place.
 F = Levels seen in this place.
 G = Mean time per level.
                   A        B        C        D        E       F      G
               +--------+--------+--------+--------+--------+-----+--------+
         Total |  19285 |  18863 |    422 |   6296 |   9091 |  18 | 1071.4 |
       Dungeon |  11857 |  11588 |    269 |   4095 |   5468 |  11 | 1077.9 |
        Temple |    166 |    166 |      0 |      0 |     73 |   1 |  166.0 |
          Lair |   5986 |   5833 |    153 |   1966 |   2794 |   5 | 1197.2 |
         Sewer |   1275 |   1275 |      0 |    235 |    755 |   1 | 1275.0 |
               +--------+--------+--------+--------+--------+-----+--------+

Top non-repeatable levels by time:
  Lair:1: 2074 daAuts
     D:8: 1897 daAuts
     D:7: 1749 daAuts
  Lair:3: 1667 daAuts
     D:2: 1470 daAuts
     D:4: 1407 daAuts
     D:3: 1341 daAuts
   Sewer: 1275 daAuts
  Lair:2: 1162 daAuts
     D:5: 1050 daAuts
  Lair:4: 1012 daAuts
     D:6: 914 daAuts
     D:9: 655 daAuts
    D:11: 569 daAuts
     D:1: 430 daAuts
